IL
SACRAMENTO RIVER CATS @ ALBUQUERQUE ISOTOPES
09/01/2046
 
TOP OF THE 1ST
Sacramento River Cats batting - Pitching for Albuquerque Isotopes : RHP Jonathon Crunk
Pitching: RHP Jonathon Crunk
Batting: RHB Laroya Foronda 0-0: Ball
1-0: Fly out, F9 (Flyball, 9, EV 82.5 MPH)
Batting: LHB Kevin Kantor 0-0: Ball
1-0: Foul Ball, location: 2F
1-1: Ball
2-1: SINGLE (Line Drive, 6MD, EV 94.4 MPH)
Batting: RHB Chris King 0-0: Called Strike
0-1: Ball
1-1: Foul Ball, location: 2F
1-2: Ball
2-2: Foul Ball, location: 2F
2-2: Strikes out looking
Batting: LHB Willie Ceniceros 0-0: Ball
1-0: Ball
2-0: Ball
3-0: Called Strike
3-1: Base on Balls
Kevin Kantor to second
Batting: RHB Bill Defazio 0-0: Ball
1-0: Ball
2-0: Swinging Strike
2-1: Foul Ball, location: 2F
2-2: Foul Ball, location: 2F
2-2: Strikes out looking
Top of the 1st over - 0 runs, 1 hit, 0 errors, 2 left on base; Sacramento 0 - Albuquerque 0
BOTTOM OF THE 1ST
Albuquerque Isotopes batting - Pitching for Sacramento River Cats : RHP Cortez Laris
Pitching: RHP Cortez Laris
Batting: RHB Nick Cummings 0-0: Called Strike
0-1: Swinging Strike
0-2: Strikes out swinging
Batting: LHB Gabe Harvey 0-0: Ball
1-0: Ball
2-0: Foul Ball, location: 2F
2-1: Ball
3-1: Base on Balls
Batting: RHB Mike Thornton Pickoff Throw to First - Out! 1-3 CS
0-0: Foul Ball, location: 2F
0-1: SINGLE (Groundball, 34D, EV 95.0 MPH)
Batting: RHB Eddie McCoy 0-0: Fly out, F8 (Flyball, 8RM, EV 85.6 MPH)
Bottom of the 1st over - 0 runs, 1 hit, 0 errors, 1 left on base; Sacramento 0 - Albuquerque 0
TOP OF THE 2ND
Sacramento River Cats batting - Pitching for Albuquerque Isotopes : RHP Jonathon Crunk
Batting: LHB Ryan Braden 0-0: Ground out U3 (Groundball, 3, EV 88.8 MPH)
Batting: RHB Davey Beeson 0-0: Ball
1-0: Foul Ball, location: 2F
1-1: Foul Ball, location: 2F
1-2: Foul Ball, location: 2F
1-2: Ball
2-2: Ground out 6-3 (Groundball, 56, EV 101.2 MPH)
Batting: RHB Hugo Zacarias 0-0: Ball
1-0: Called Strike
1-1: Swinging Strike
1-2: Strikes out swinging
Top of the 2nd over - 0 runs, 0 hits, 0 errors, 0 left on base; Sacramento 0 - Albuquerque 0
BOTTOM OF THE 2ND
Albuquerque Isotopes batting - Pitching for Sacramento River Cats : RHP Cortez Laris
Batting: RHB Joe LaDue 0-0: Called Strike
0-1: Ball
1-1: Swinging Strike
1-2: SINGLE (Line Drive, 4MD, EV 95.6 MPH)
Batting: SHB Mitchell Greene 0-0: Called Strike
0-1: Called Strike
0-2: Strikes out swinging
Batting: RHB Logan Morgan Pickoff Throw to First - Out! 1-3 CS
0-0: Fly out, F9 (Flyball, 89S, EV 90.0 MPH)
Bottom of the 2nd over - 0 runs, 1 hit, 0 errors, 0 left on base; Sacramento 0 - Albuquerque 0
TOP OF THE 3RD
Sacramento River Cats batting - Pitching for Albuquerque Isotopes : RHP Jonathon Crunk
Batting: LHB Nick Swank 0-0: Foul Ball, location: 2F
0-1: Foul Ball, location: 2F
0-2: Ball
1-2: Foul Ball, location: 2F
1-2: Ball
2-2: Ball
3-2: Strikes out swinging
Batting: RHB Laroya Foronda 0-0: Ball
1-0: Ball
2-0: Foul Ball, location: 2F
2-1: Ball
3-1: Base on Balls
Batting: LHB Kevin Kantor 0-0: Ball
Wild Pitch!
Laroya Foronda to second
1-0: Ball
2-0: Ground out 6-3 (Groundball, 6, EV 89.4 MPH)
Laroya Foronda to third
Batting: RHB Chris King 0-0: Called Strike
0-1: Called Strike
0-2: Ball
1-2: SINGLE (Line Drive, 34D, EV 96.9 MPH)
Laroya Foronda scores
Batting: LHB Willie Ceniceros 0-0: Ball
1-0: Called Strike
1-1: Ball
2-1: Ball
3-1: Swinging Strike
3-2: SINGLE (Groundball, 13, EV 89.4 MPH) (infield hit)
Chris King to second
Batting: RHB Bill Defazio 0-0: Swinging Strike
0-1: Foul Ball, location: 2F
0-2: Ball
1-2: Fly out, F7 (Flyball, 7S, EV 94.4 MPH)
Top of the 3rd over - 1 run, 2 hits, 0 errors, 2 left on base; Sacramento 1 - Albuquerque 0
BOTTOM OF THE 3RD
Albuquerque Isotopes batting - Pitching for Sacramento River Cats : RHP Cortez Laris
Batting: RHB John Freeman 0-0: Foul Ball, location: 2F
0-1: Ball
1-1: Called Strike
1-2: Ground out 6-3 (Groundball, 56D, EV 81.9 MPH)
Batting: RHB Bobby Heagle 0-0: Called Strike
0-1: Ball
1-1: Ball
2-1: Foul Ball, location: 2F
2-2: Strikes out swinging
Batting: RHB Nick Cummings 0-0: Ball
1-0: Ball
2-0: Called Strike
2-1: Foul Ball, location: 2F
2-2: Foul Ball, location: 2F
2-2: Ground out 5-3 (Groundball, 5, EV 105.6 MPH)
Bottom of the 3rd over - 0 runs, 0 hits, 0 errors, 0 left on base; Sacramento 1 - Albuquerque 0
TOP OF THE 4TH
Sacramento River Cats batting - Pitching for Albuquerque Isotopes : RHP Jonathon Crunk
Batting: LHB Ryan Braden 0-0: Ball
1-0: Called Strike
1-1: Called Strike
1-2: Ball
2-2: Strikes out swinging
Batting: RHB Davey Beeson 0-0: Ball
1-0: Ball
2-0: Ball
3-0: Base on Balls
Batting: RHB Hugo Zacarias 0-0: Called Strike
0-1: Fielders Choice at 2nd, 4-6 (Groundball, 4, EV 88.1 MPH)
Batting: LHB Nick Swank 0-0: Swinging Strike
0-1: Ball
1-1: Ball
2-1: Ball
3-1: Base on Balls
Hugo Zacarias to second
Batting: RHB Laroya Foronda 0-0: Ball
1-0: Reached on error, E4 (Groundball, 4, EV 79.4 MPH)
Hugo Zacarias scores
Nick Swank to third
Batting: LHB Kevin Kantor 0-0: Ball
1-0: Ground out 1-3 (Groundball, 15S, EV 73.1 MPH)
Top of the 4th over - 1 run, 0 hits, 1 error, 2 left on base; Sacramento 2 - Albuquerque 0
BOTTOM OF THE 4TH
Albuquerque Isotopes batting - Pitching for Sacramento River Cats : RHP Cortez Laris
Batting: LHB Gabe Harvey 0-0: Ball
1-0: Ball
2-0: Ball
3-0: Called Strike
3-1: Base on Balls
Batting: RHB Mike Thornton 0-0: Ball
1-0: Ball
2-0: Ball
3-0: Base on Balls
Gabe Harvey to second
Batting: RHB Eddie McCoy 0-0: Ball
1-0: Swinging Strike
1-1: Foul Ball, location: 2F
1-2: SINGLE (Flyball, 78M, EV 79.4 MPH)
Gabe Harvey to third
Mike Thornton to second
Batting: RHB Joe LaDue 0-0: Called Strike
0-1: Foul Ball, location: 2F
0-2: Ball
1-2: SINGLE (Groundball, 56S, EV 66.9 MPH) (infield hit)
Gabe Harvey scores
Mike Thornton to third
Eddie McCoy to second
Batting: SHB Mitchell Greene 0-0: Called Strike
0-1: Foul Ball, location: 2F
0-2: Strikes out looking
Batting: RHB Logan Morgan 0-0: Called Strike
0-1: Fly out, F8 (Flyball, 8LD, EV 103.1 MPH)
Runner from 3rd tags up, SCORES, throw by CF
Batting: RHB John Freeman 0-0: Called Strike
0-1: Ground out 1-3 (Groundball, 15S, EV 68.8 MPH)
Bottom of the 4th over - 2 runs, 2 hits, 0 errors, 2 left on base; Sacramento 2 - Albuquerque 2
TOP OF THE 5TH
Sacramento River Cats batting - Pitching for Albuquerque Isotopes : RHP Jonathon Crunk
Batting: RHB Chris King 0-0: Swinging Strike
0-1: Ball
1-1: SINGLE (Groundball, 56D, EV 97.5 MPH)
Batting: LHB Willie Ceniceros 0-0: Ball
1-0: SINGLE (Groundball, 4D, EV 103.1 MPH)
Chris King to second
Batting: RHB Bill Defazio 0-0: Grounds into double play, 4-6-3 (Groundball, 4, EV 85.0 MPH)
Chris King to third
Batting: LHB Ryan Braden 0-0: Foul Ball, location: 2F
0-1: Called Strike
0-2: Hit by Pitch
Batting: RHB Davey Beeson 0-0: Ball
1-0: Called Strike
1-1: Ball
2-1: Ground out 1-3 (Groundball, 13S, EV 73.1 MPH)
Top of the 5th over - 0 runs, 2 hits, 0 errors, 2 left on base; Sacramento 2 - Albuquerque 2
BOTTOM OF THE 5TH
Albuquerque Isotopes batting - Pitching for Sacramento River Cats : RHP Cortez Laris
Batting: RHB Bobby Heagle 0-0: Called Strike
0-1: DOUBLE (Line Drive, 89M, EV 94.4 MPH)
Batting: RHB Nick Cummings 0-0: Ball
1-0: Called Strike
1-1: Ball
Bobby Heagle steals 3rd base
2-1: Foul Ball, location: 2F
2-2: Foul Ball, location: 2F
2-2: Foul Ball, location: 2F
2-2: Strikes out swinging
Batting: LHB Gabe Harvey 0-0: Ball
1-0: SINGLE (Line Drive, 89S, EV 93.8 MPH)
Bobby Heagle scores
Batting: RHB Mike Thornton Pickoff Throw to First - Out! 1-3 CS
0-0: Ball
1-0: Ball
2-0: Ball
3-0: Called Strike
3-1: Foul Ball, location: 2F
3-2: Base on Balls
Batting: RHB Eddie McCoy 0-0: Called Strike
0-1: Called Strike
0-2: Ball
1-2: SINGLE (Groundball, 6MD, EV 104.4 MPH)
Mike Thornton to second
Batting: RHB Joe LaDue 0-0: Ball
1-0: Ball
2-0: Ball
3-0: Called Strike
3-1: Base on Balls
Mike Thornton to third
Eddie McCoy to second
Batting: SHB Mitchell Greene 0-0: Called Strike
0-1: GRAND SLAM HOME RUN (Flyball, 9LD, EV 98.1 MPH), Distance : 359 ft
Pitching: RHP Yugo Kobayashi
Batting: RHB Logan Morgan 0-0: SINGLE (Groundball, 4MD, EV 106.2 MPH)
Batting: RHB John Freeman 0-0: SINGLE (Groundball, 5S, EV 76.2 MPH) (infield hit)
Logan Morgan to second
Batting: RHB Bobby Heagle 0-0: Ball
1-0: Ball
2-0: Ball
3-0: Base on Balls
Logan Morgan to third
John Freeman to second
Batting: RHB Nick Cummings 0-0: Ball
1-0: Called Strike
1-1: Ball
2-1: Ball
3-1: SINGLE (Flyball, 3D, EV 92.5 MPH)
Logan Morgan scores
John Freeman to third
Bobby Heagle to second
Batting: LHB Gabe Harvey 0-0: Ball
1-0: Swinging Strike
1-1: Ball
2-1: Ball
3-1: Base on Balls
John Freeman scores
Bobby Heagle to third
Nick Cummings to second
Batting: RHB Mike Thornton 0-0: Ball
1-0: Called Strike
1-1: GRAND SLAM HOME RUN (Flyball, 7LD, EV 91.9 MPH), Distance : 327 ft
Pitching: RHP Fidde Machielsen
Batting: RHB Eddie McCoy 0-0: Foul Ball, location: 2F
0-1: Called Strike
0-2: Ball
1-2: Strikes out swinging
Bottom of the 5th over - 11 runs, 8 hits, 0 errors, 0 left on base; Sacramento 2 - Albuquerque 13
TOP OF THE 6TH
Sacramento River Cats batting - Pitching for Albuquerque Isotopes : RHP Jonathon Crunk
Pitching: RHP Adam McCurdy
Batting: RHB Hugo Zacarias 0-0: Ball
1-0: Swinging Strike
1-1: Foul Ball, location: 2F
1-2: Strikes out swinging
Batting: LHB Nick Swank 0-0: Ball
1-0: Ball
2-0: Called Strike
2-1: Swinging Strike
2-2: Foul Ball, location: 2F
2-2: Strikes out swinging
Batting: RHB Laroya Foronda 0-0: Called Strike
0-1: Foul Ball, location: 2F
0-2: Ball
1-2: Ball
2-2: Ball
3-2: Strikes out looking
Top of the 6th over - 0 runs, 0 hits, 0 errors, 0 left on base; Sacramento 2 - Albuquerque 13
BOTTOM OF THE 6TH
Albuquerque Isotopes batting - Pitching for Sacramento River Cats : RHP Fidde Machielsen
Batting: RHB Joe LaDue 0-0: Ball
1-0: Ball
2-0: Foul Ball, location: 2F
2-1: Called Strike
2-2: Strikes out swinging
Batting: SHB Mitchell Greene 0-0: Ground out 4-3 (Groundball, 13, EV 80.6 MPH)
Batting: RHB Logan Morgan 0-0: Ball
1-0: Foul Ball, location: 2F
1-1: Ball
2-1: Foul Ball, location: 2F
2-2: Ball
3-2: Foul Ball, location: 2F
3-2: Base on Balls
Batting: RHB John Freeman 0-0: Ball
Passed Ball!
Logan Morgan to second
1-0: Ball
2-0: Foul Ball, location: 2F
2-1: Ground out 6-3 (Groundball, 56, EV 85.0 MPH)
Bottom of the 6th over - 0 runs, 0 hits, 0 errors, 1 left on base; Sacramento 2 - Albuquerque 13
TOP OF THE 7TH
Sacramento River Cats batting - Pitching for Albuquerque Isotopes : RHP Adam McCurdy
Pinch Hitting: LHB David Ramirez 0-0: Ball
1-0: Called Strike
1-1: Foul Ball, location: 2F
1-2: Ground out U3 (Groundball, 34, EV 83.1 MPH)
Batting: RHB Chris King 0-0: Ball
1-0: Ball
2-0: Ball
3-0: Base on Balls
Batting: LHB Willie Ceniceros 0-0: Foul Ball, location: 2F
0-1: Ball
Chris King steals 2nd base (no throw)
1-1: Fly out, F7 (Flyball, 7, EV 83.1 MPH)
Batting: RHB Bill Defazio 0-0: Foul Ball, location: 2F
0-1: Called Strike
0-2: Ball
1-2: Strikes out swinging
Top of the 7th over - 0 runs, 0 hits, 0 errors, 1 left on base; Sacramento 2 - Albuquerque 13
BOTTOM OF THE 7TH
Albuquerque Isotopes batting - Pitching for Sacramento River Cats : RHP Fidde Machielsen
Now at 1B: Cesar Arteaga
Batting: RHB Bobby Heagle 0-0: Called Strike
0-1: Called Strike
0-2: Foul Ball, location: 2F
0-2: Foul Ball, location: 2F
0-2: Ball
1-2: Ground out 6-3 (Groundball, 6, EV 83.1 MPH)
Batting: RHB Nick Cummings 0-0: Ball
1-0: Called Strike
1-1: Foul Ball, location: 2F
1-2: Ground out 6-3 (Groundball, 6, EV 86.9 MPH)
Batting: LHB Gabe Harvey 0-0: Called Strike
0-1: Ground out 1-3 (Groundball, 15S, EV 70.0 MPH)
Bottom of the 7th over - 0 runs, 0 hits, 0 errors, 0 left on base; Sacramento 2 - Albuquerque 13
TOP OF THE 8TH
Sacramento River Cats batting - Pitching for Albuquerque Isotopes : RHP Adam McCurdy
Batting: LHB Ryan Braden 0-0: Called Strike
0-1: Foul Ball, location: 2F
0-2: Ball
1-2: Ball
2-2: Strikes out swinging
Batting: RHB Davey Beeson 0-0: Called Strike
0-1: Ball
1-1: Ball
2-1: Called Strike
2-2: Foul Ball, location: 2F
2-2: Ball
3-2: Strikes out swinging
Batting: RHB Hugo Zacarias 0-0: Ball
1-0: Ball
2-0: Called Strike
2-1: Foul Ball, location: 2F
2-2: Strikes out swinging
Top of the 8th over - 0 runs, 0 hits, 0 errors, 0 left on base; Sacramento 2 - Albuquerque 13
BOTTOM OF THE 8TH
Albuquerque Isotopes batting - Pitching for Sacramento River Cats : RHP Fidde Machielsen
Batting: RHB Mike Thornton 0-0: Ball
1-0: Called Strike
1-1: Swinging Strike
1-2: Ball
2-2: Foul Ball, location: 2F
2-2: Foul Ball, location: 2F
2-2: DOUBLE (Line Drive, 78D, EV 106.9 MPH)
Pitching: LHP Chris Morales
Batting: RHB Eddie McCoy 0-0: Foul Ball, location: 2F
0-1: Foul Ball, location: 2F
0-2: Foul Ball, location: 2F
0-2: Ball
1-2: Ball
2-2: Strikes out swinging
Pinch Hitting: RHB Ron Johansen 0-0: Ball
1-0: Called Strike
1-1: Swinging Strike
1-2: Strikes out swinging
Batting: SHB Mitchell Greene 0-0: SINGLE (Line Drive, 34, EV 93.8 MPH)
Mike Thornton to third
Runner from 3rd tries for Home, SAFE, throw by RF to home
Pinch Hitting: LHB Pablo Cardona 0-0: Ball
1-0: Ball
2-0: Ball
3-0: Base on Balls
Mitchell Greene to second
Batting: RHB John Freeman 0-0: Ball
1-0: Foul Ball, location: 2F
1-1: Swinging Strike
1-2: Ball
2-2: Ball
3-2: Strikes out swinging
Bottom of the 8th over - 1 run, 2 hits, 0 errors, 2 left on base; Sacramento 2 - Albuquerque 14
TOP OF THE 9TH
Sacramento River Cats batting - Pitching for Albuquerque Isotopes : RHP Adam McCurdy
Pitching: RHP Jason Miles
Now at 1B: Ron Johansen
Now in LF: Pablo Cardona
Now in RF: Gabe Harvey
Batting: LHB Nick Swank 0-0: Ball
1-0: Foul Ball, location: 2F
1-1: Swinging Strike
1-2: Ball
2-2: Strikes out swinging
Batting: RHB Laroya Foronda 0-0: Ball
1-0: Ball
2-0: Called Strike
2-1: Foul Ball, location: 2F
2-2: Foul Ball, location: 2F
2-2: Ground out 5-3 (Groundball, 56, EV 88.8 MPH)
Batting: LHB Cesar Arteaga 0-0: Swinging Strike
0-1: Called Strike
0-2: Ball
1-2: Strikes out looking
Top of the 9th over - 0 runs, 0 hits, 0 errors, 0 left on base; Sacramento 2 - Albuquerque 14
Tuesday, September 13th , 2022 - OOTP Baseball 23.7 Build 88